 Dungeon Crawl Stone Soup version 0.18.1-5-g4a78601 (webtiles) character file.

31 inmateoo the Insei (level 3, 0/29 HPs)
             Began as a Demonspawn Transmuter on May 13, 2016.
             Succumbed to an adder's poison
             ... on level 2 of the Dungeon.
             The game lasted 00:01:59 (1034 turns).

inmateoo the Insei (Demonspawn Transmuter)          Turns: 1034, Time: 00:02:00

Health: 0/29       AC:  6    Str: 11    XL:     3   Next: 7%
Magic:  6/6        EV: 10    Int: 19    God:
Gold:   34         SH:  0    Dex: 13    Spells: 2 memorised, 3 levels left

rFire  . . .     SeeInvis .     j - +1 short sword (venom)
rCold  . . .     Gourm    .     e - +0 ring mail
rNeg   . . .     Faith    .     (no shield)
rPois  .         Spirit   .     (no helmet)
rElec  .         Dismiss  .     (no cloak)
rCorr  .         Reflect  .     (no gloves)
SustAt .         Harm     .     (no boots)
MR     +....                    (no amulet)
Stlth  +.........               (no ring)
                                (no ring)

@: brilliant, lethally poisoned (0 -> -11), somewhat resistant to hostile
enchantments, very unstealthy
A: rugged brown scales 1, magic resistance 1, robust 1, subdued magic 1
a: no special abilities


You were on level 2 of the Dungeon.
You were hungry.

You visited 1 branch of the dungeon, and saw 2 of its levels.

You collected 34 gold pieces.

Inventory:

Hand Weapons
 j - a +1 short sword of venom (weapon)
Missiles
 a - 37 arrows
Armour
 e - a +0 ring mail (worn)
Scrolls
 b - a scroll of identify {unknown}
 f - a scroll of recharging {unknown}
 g - a scroll of enchant armour {unknown}
Books
 c - a book of Changes

   Spells                             Type                      Level
   a - Beastly Appendage              Transmutation                1
   b - Sticks to Snakes               Transmutation                2
   c - Spider Form                    Transmutation/Poison         3
   d - Ice Form                       Ice/Transmutation            4
   e - Blade Hands                    Transmutation                5
Comestibles
 d - a bread ration


   Skills:
 - Level 1.2 Fighting
 - Level 2.1 Dodging
 * Level 3.1 Unarmed Combat
 + Level 2.3 Spellcasting
 + Level 2.0 Transmutations


You had 3 spell levels left.
You knew the following spells:

 Your Spells              Type           Power        Failure   Level  Hunger
a - Beastly Appendage     Trmt           ###...       1%          1    #......
b - Sticks to Snakes      Trmt           ###.....     3%          2    ##.....


Dungeon Overview and Level Annotations

Branches:
Dungeon (2/15)

Altars:


Innate Abilities, Weirdness & Mutations

You are partially covered in rugged brown scales (AC +1, +3% HP).
You are resistant to hostile enchantments.
You are robust (+10% HP).
Your spells are a little easier to cast, but a little less powerful.


Message History

* * * LOW HITPOINT WARNING * * *
You are more poisoned.
The adder poisons you! The adder bites you but does no damage.
Your magical contamination has completely faded away.
You hit the adder.
The adder is poisoned.
The adder is heavily wounded.
* * * LOW HITPOINT WARNING * * *
You feel sick. The adder barely misses you.
You are too injured to fight recklessly!
Your ring mail prevents you from hitting the adder.
The adder is severely wounded.
* * * LOW HITPOINT WARNING * * *
You feel sick.
You kill the adder!
You have reached level 3!
Your experience leads to an increase in your attributes!
Your base attributes are Str 10, Int 14, Dex 13.
Increase (S)trength, (I)ntelligence, or (D)exterity?
You feel stronger.
You die...

#. ##.# ##...
###.... #......
#......#########
.......#<.......
#......@.#######
#.....#### #....
####


There were no monsters in sight!

Vanquished Creatures
  An adder (D:2)
  A dart slug (D:1)
  5 bats (D:1)
  A giant cockroach (D:1)
  A goblin (D:1)
  A hobgoblin (D:1)
  4 kobolds (D:1)
  6 rats (D:1)
20 creatures vanquished.

Notes
Turn   | Place    | Note
--------------------------------------------------------------
     0 | D:1      | inmateoo the Demonspawn Transmuter began the quest for the Orb.
     0 | D:1      | Reached XP level 1. HP: 15/15 MP: 3/3
   236 | D:1      | Gained mutation: You are partially covered in rugged brown scales (AC +1, +3% HP). [demonic ancestry]
   236 | D:1      | Reached XP level 2. HP: 15/21 MP: 5/5
   473 | D:1      | Learned a level 2 spell: Sticks to Snakes
   701 | D:1      | Reached skill level 3 in Unarmed Combat
  1024 | D:1      | Gained mutation: You are robust (+10% HP). [potion of mutation]
  1024 | D:1      | Gained mutation: You are resistant to hostile enchantments. [potion of mutation]
  1024 | D:1      | Gained mutation: Your spells are a little easier to cast, but a little less powerful. [potion of mutation]
  1033 | D:2      | HP: 1/23 [poisoned by an adder]
  1033 | D:2      | Reached XP level 3. HP: 1/29 MP: 6/6
  1034 | D:2      | Succumbed to an adder's poison

Skill      XL: |  1  2 |
---------------+-------+-----
Dodging        | 2 |  2.1
Unarmed Combat | 3 |  3.1
Transmutations | 2 |  2.0
Fighting       | |  1.2
Spellcasting   | |  2.3

Action                   || total
-------------------------++-------
Melee: Unarmed           ||    82
       Punch             ||     3
       Headbutt          ||     1
       Short sword       ||     6
 Cast: Beastly Appendage ||     2
  Use: Potion            ||     2
Armor: Robe              ||     8
       Ring mail         ||    28
Dodge: Dodged            ||    63
